 Dungeon Crawl Stone Soup version 0.20-a0-870-g4070442 (console) character file.

323 nht the Twirler (level 6, -4/44 HPs)
             Began as a Demonspawn Gladiator on Mar 13, 2017.
             Splashed by a jelly's acid (8 damage)
             ... on level 5 of the Dungeon.
             The game lasted 00:04:23 (3536 turns).

nht the Twirler (Demonspawn Gladiator)              Turns: 3536, Time: 00:04:26

Health: -4/44      AC:  7    Str: 14    XL:     6   Next: 23%
Magic:  6/6        EV: 12    Int: 11    God:
Gold:   131        SH:  0    Dex: 15    Spells: 5/5 levels left

rFire    . . .     SeeInvis .   a - +1 quarterstaff
rCold    . . .     Gourm    .   b - +0 leather armour
rNeg     . . .     Faith    .   (shield currently unavailable)
rPois    .         Spirit   .   c - +0 helmet
rElec    .         Reflect  .   r - +0 cloak (curse)
rCorr    .         Harm     .   (no gloves)
MR       .....                  (no boots)
Stlth    +.........             (no amulet)
Regen    0.2/turn               (no ring)
MPRegen  0.1/turn               (no ring)

@: drained
A: thin metallic scales 1, demonic guardian 1
a: no special abilities


You were on level 5 of the Dungeon.
You were hungry.

You visited 1 branch of the dungeon, and saw 5 of its levels.

You collected 131 gold pieces.

Inventory:

Hand Weapons
 a - a +1 quarterstaff (weapon)
Missiles
 d - 3 throwing nets (quivered)
 e - 6 javelins
Armour
 b - a +0 leather armour (worn)
 c - a +0 helmet (worn)
 r - a cursed +0 cloak (worn)
Jewellery
 y - a +2 amulet of reflection {unknown}
Scrolls
 g - a scroll of teleportation {unknown}
 m - a scroll of blinking {unknown}
 p - 3 scrolls of remove curse {unknown}
 s - a scroll of fog {unknown}
 u - 3 scrolls of identify {unknown}
 v - a scroll of magic mapping {unknown}
 w - a scroll of amnesia {unknown}
 z - a scroll of random uselessness {unknown}
Potions
 i - 2 potions of invisibility {unknown}
 k - 2 potions of degeneration {unknown}
 n - 3 potions of heal wounds {unknown}
 o - a potion of haste {unknown}
 q - a potion of might {unknown}
 t - a potion of flight {unknown}
Comestibles
 f - 3 bread rations
 h - 6 fruits
 j - a meat ration
 l - 3 royal jellies
 x - 3 chunks of flesh


   Skills:
 - Level 2.0(1.4) Fighting
 + Level 6.4(5.8) Staves
 - Level 1.7(1.2) Throwing
 - Level 2.6(2.1) Dodging


You had 5 spell levels left.
You didn't know any spells.

Dungeon Overview and Level Annotations

Branches:
Dungeon (5/15)
 Temple: D:4-7

Altars:
Cheibriados
Dithmenos
Qazlal
Trog
Uskayaw
Vehumet
Wu Jian


Innate Abilities, Weirdness & Mutations

You are partially covered in thin metallic scales. (AC +2)
A weak demonic guardian rushes to your aid.


Message History

The gnoll hits your shadow imp with a spear!
Your shadow imp dies!
Found 7 gold pieces.
There are monsters nearby!
The jelly hits you.
You are splashed with acid!
The acid burns!
The gnoll closely misses you.
Found a radiant altar of Vehumet.
You hit the jelly.
Your hands burn!
The jelly is heavily wounded.
You are feeling hungry.
The jelly closely misses you.
The gnoll hits you from afar with a spear!
* * * LOW HITPOINT WARNING * * *
You sock the jelly!
Your hands burn!
* * * LOW HITPOINT WARNING * * *
The jelly is almost dead.
The jelly hits you.
* * * LOW HITPOINT WARNING * * *
You are splashed with acid!
The acid burns!
You die... ███████ █████ █████ █..._ █...█ ███████

█..... █...█ █.....█
█....g█ █...█ █.....█
█......█████)..███.....█
+$....J@.5.......'......
█....█..███████.██.....█
███ ██.█ █.████████ ...
█.█ █... █.█ █.... █.█
█.... █.█ ...... █.█ █.█


You could see a jelly, a gnoll and a friendly shadow imp.

Vanquished Creatures
  A bullfrog (D:3)
  A crimson imp (D:5)
  A bullfrog skeleton (D:4)
  An orc wizard (D:4)
  A worker ant (D:5)
  3 gnolls (D:3)
  5 adders
  3 worms
  2 dart slugs
  5 leopard geckos
  4 orcs
  3 giant cockroaches
  11 goblins
  7 hobgoblins
  7 kobolds
  2 quokkas (D:2)
  2 ball pythons
  8 bats
  6 frilled lizards
  6 rats
79 creatures vanquished.

Vanquished Creatures (collateral kills)
  An orc (D:4)
1 creature vanquished.

Grand Total: 80 creatures vanquished

Notes
Turn   | Place    | Note
-------+----------+-------------------------------------------
     0 | D:1      | nht the Demonspawn Gladiator began the quest for the Orb.
     0 | D:1      | Reached XP level 1. HP: 16/16 MP: 1/1
    62 | D:1      | Reached skill level 3 in Staves
   128 | D:1      | Gained mutation: You are partially covered in thin metallic scales. (AC +2) [demonic ancestry]
   128 | D:1      | Reached XP level 2. HP: 19/22 MP: 2/2
   569 | D:1      | Reached XP level 3. HP: 24/27 MP: 3/3
   628 | D:1      | Reached skill level 4 in Staves
   891 | D:2      | Found a stormy altar of Qazlal.
   892 | D:2      | Noticed a fire elemental
   893 | D:2      | Noticed an earth elemental
   894 | D:2      | Noticed an air elemental
   894 | D:2      | Noticed a water elemental
   902 | D:2      | Gained mutation: A weak demonic guardian rushes to your aid. [demonic ancestry]
   902 | D:2      | Reached XP level 4. HP: 9/33 MP: 4/4
  1595 | D:3      | Reached skill level 5 in Staves
  1676 | D:3      | Noticed a bullfrog
  1683 | D:3      | Killed a bullfrog
  1683 | D:3      | Reached XP level 5. HP: 35/38 MP: 5/5
  1748 | D:3      | Found a hide-covered altar of Uskayaw.
  2033 | D:3      | Noticed a dagger
  2035 | D:3      | Noticed a hand axe
  2349 | D:3      | Found an ornate altar of the Wu Jian Council.
  2812 | D:4      | Found a shadowy altar of Dithmenos.
  3106 | D:4      | Reached skill level 6 in Staves
  3160 | D:4      | Found a bloodstained altar of Trog.
  3342 | D:4      | Reached XP level 6. HP: 32/44 MP: 6/6
  3447 | D:5      | Entered Level 5 of the Dungeon
  3449 | D:5      | Found a snail-covered altar of Cheibriados.
  3534 | D:5      | Found a radiant altar of Vehumet.
  3536 | D:5      | Splashed by a jelly's acid

Vault maps used:
D:1:      tarquinn_simple_flora_water_f
D:2:      nicolae_qazlal_style_of_elements
D:3:      dancing_weapons_uskayaw, lemuel_doored_altar, first_bread
D:4:      lightli_temple_of_fire, minmay_misc_feat_five,
          minmay_misc_feat_nine_boxes, grunt_dithmenos_smoke_and_mirrors
D:5:      overflow_temple_1_default, lemuel_crystal_altar,
          nemelex_xobeh_ov_fountains_minmay, slow_altar_1, old_standard_altar

Skill      XL: |  1  2  3  4  5 |
---------------+----------------+-----
Staves         | 3 4 5 6 |  6.4
Fighting       | |  2.0
Throwing       | |  1.7
Dodging        | |  2.6

Action                   |  1- 3 |  4- 6 || total
-------------------------+-------+-------++-------
Melee: Quarterstaff      |   105 |   133 ||   238
  Use: Scroll            |       |     1 ||     1
       Potion            |       |     1 ||     1
 Stab: Distracted        |       |     1 ||     1
       Sleeping          |       |     1 ||     1
  Eat: Chunk             |       |     8 ||     8
Armor: Leather armour    |    42 |    54 ||    96
Dodge: Dodged            |    71 |    95 ||   166
